 Dungeon Crawl Stone Soup version 0.20-a0-991-g93344ec (webtiles) character file.

3052 Ordine the Thaumaturge (level 9, -11/53 HPs)
             Began as an Octopode Transmuter on Apr 11, 2017.
             Killed from afar by rlgrobin's ghost (16 damage)
             ... with a blast of rock fragments
             ... on level 8 of the Dungeon.
             The game lasted 00:35:29 (11746 turns).

Ordine the Thaumaturge (Octopode Transmuter)       Turns: 11746, Time: 00:35:29

Health: -11/53     AC:  1    Str:  9    XL:     9   Next: 87%
Magic:  21/21      EV: 13    Int: 18    God:
Gold:   34         SH:  0    Dex: 13    Spells: 17/24 levels left

rFire    . . .     SeeInvis .     - Unarmed
rCold    . . .     Gourm    .   (no shield)
rNeg     . . .     Faith    .   (helmet restricted)
rPois    .         Spirit   .   (no amulet)
rElec    .         Reflect  .   y - ring of resist corrosion
rCorr    +         Harm     .   (no ring)
MR       .....                  (no ring)
Stlth    ++++......             (no ring)
Regen    0.2/turn               (no ring)
MPRegen  0.2/turn               (no ring)
                                (no ring)
                                (no ring)

@: lethally poisoned (-11 -> -13), very slightly contaminated
A: almost no armour, stealthy swim, amphibious, 8 rings, constrict 8, camouflage
1, gelatinous body 1
a: no special abilities


You were on level 8 of the Dungeon.
You were not hungry.

You visited 2 branches of the dungeon, and saw 9 of its levels.
You also visited: Sewer.

You collected 470 gold pieces.
You spent 436 gold pieces at shops.

Inventory:

Hand Weapons
 I - a +0 blowgun
Missiles
 d - 58 poisoned needles
 e - 201 stones (quivered)
 r - 4 javelins
 H - 11 tomahawks
Armour
 u - a +0 buckler
Jewellery
 y - a ring of resist corrosion (left tentacle)
Wands
 j - a wand of enslavement (14/24)
 o - a wand of paralysis (0/24)
 B - a wand of iceblast (6/15)
 C - a wand of polymorph (5/24)
 D - a wand of flame (22/48)
Scrolls
 i - 4 scrolls of enchant armour
 p - 2 scrolls of magic mapping
 q - 3 scrolls of remove curse
 w - 3 scrolls of recharging
 x - a scroll of fog
 G - 2 scrolls of fear
Potions
 g - a potion of cancellation
 h - 3 potions of flight
 m - 4 potions of curing
 n - 3 potions of invisibility
 s - a potion of brilliance
 t - 4 potions of might
 v - a potion of haste
 z - a potion of resistance {unknown}
 A - a potion of mutation {unknown}
 F - 2 potions of heal wounds
 J - a potion of degeneration {unknown}
Books
 b - a book of Changes

   Spells                             Type                      Level
   a - Beastly Appendage              Transmutation                1
   b - Sticks to Snakes               Transmutation                2
   c - Spider Form                    Transmutation/Poison         3
   d - Ice Form                       Ice/Transmutation            4
   e - Blade Hands                    Transmutation                5
 l - a book of Frost

   Spells                             Type                      Level
   a - Freeze                         Ice                          1
   b - Throw Frost                    Conjuration/Ice              2
   c - Ozocubu's Armour               Charms/Ice                   3
   d - Throw Icicle                   Conjuration/Ice              4
   e - Summon Ice Beast               Ice/Summoning                4
Comestibles
 a - a fruit
 c - 4 bread rations
 f - 5 meat rations
 k - a royal jelly
 E - a chunk of flesh


   Skills:
 - Level 1.0 Fighting
 - Level 2.0 Dodging
 + Level 6.4 Stealth
 + Level 7.1 Unarmed Combat
 * Level 8.3 Spellcasting
 + Level 6.6 Transmutations


You had 17 spell levels left.
You knew the following spells:

 Your Spells              Type           Power        Failure   Level  Hunger
b - Spider Form           Tmut/Pois      ###.......   10%         3    None
c - Ice Form              Ice/Tmut       ###.....     28%         4    ###....


Dungeon Overview and Level Annotations

Branches:
Dungeon (8/15)             Temple (1/1) D:5
   Lair: D:8-11

Altars:
Ashenzari
Cheibriados
Dithmenos
Elyvilon
Fedhas
Gozag
Hepliaklqana
Kikubaaqudgha
Makhleb
Nemelex Xobeh
Okawaru
Qazlal
Ru
Sif Muna
Trog
Uskayaw
Vehumet
Wu Jian
Xom
Yredelemnul
Zin
The Shining One

Shops:
D:8 *

Annotations:
D:8 rlgrobin's ghost, novice SpEE


Innate Abilities, Weirdness & Mutations

You cannot wear most types of armour.
You are very stealthy in the water. (Stealth+)
You are amphibious.
You can wear up to eight rings at the same time.
You can use your tentacles to constrict eight enemies at once.
Your skin changes colour to match your surroundings (Stealth+).
Your rubbery body absorbs attacks. (AC +1, EV +1)


Message History

You now have 34 gold pieces (gained 20).
You feel sick.
You feel sick.
You feel sick.
You feel sick.
You feel sick.
You feel sick.
You feel sick.
Rlgrobin's ghost (novice Spriggan Earth Elementalist) comes into view.
It is wielding a weapon of venom.
Press: ? - help, v - describe, . - travel The floor.
You feel sick.
You feel sick.
Rlgrobin's ghost gestures at you while chanting.
The stone arrow hits you!
Ouch! That really hurt!
* * * LOW HITPOINT WARNING * * *
Rlgrobin's ghost casts a spell past you.
The wall shatters!
The blast of rock fragments hits you!
You die...

#.# #####.####
#........# #.#.#.#..#
#.#.W.#.(# #.#..##..#
#.#..##..# #....†...#
####@##### #######.#
........##############
########.............#
#..........####.#
##.#..#.#...####.###
#.......#...........
#..#....#...####.##.
###..#.............##.


You could see rlgrobin's ghost.

Vanquished Creatures
  A hippogriff (D:7)
  The ghost of Ordine the Magician, an amateur OpTm (D:4)
  2 orc warriors
  A sky beast (D:7)
  A black bear (D:7)
  An ice beast (D:7)
  4 ogres
  A big kobold (D:7)
  2 bullfrogs (D:6)
  A water moccasin skeleton (D:5)
  3 scorpions
  4 killer bees (D:7)
  5 howler monkeys
  3 crimson imps
  7 orc priests
  A hound (D:8)
  A jelly (D:6)
  2 bullfrog skeletons
  6 orc wizards
  A centaur skeleton (D:4)
  Ijyb (D:3)
  3 worker ants
  A killer bee zombie (D:5)
  A hound zombie (D:6)
  A hound skeleton (D:4)
  12 gnolls
  4 adders
  4 shadow imps
  2 oozes
  2 adder zombies (D:5)
  3 adder skeletons
  2 worms
  2 dart slugs (D:3)
  9 leopard geckos
  32 orcs
  5 ball pythons
  8 bats
  3 bat zombies
  8 giant cockroaches
  2 goblins
  9 hobgoblins
  13 jackals
  4 quokkas
  11 frilled lizards
  3 jackal skeletons
  19 kobolds
  A leopard gecko skeleton (D:4)
  A leopard gecko zombie (D:2)
  2 quokka skeletons
  4 rats
  7 plants (Sewer)
227 creatures vanquished.

Vanquished Creatures (others)
  An orc (D:6)
1 creature vanquished.

Grand Total: 228 creatures vanquished

Notes
Turn   | Place    | Note
-------+----------+-------------------------------------------
     0 | D:1      | Ordine the Octopode Transmuter began the quest for the Orb.
     0 | D:1      | Reached XP level 1. HP: 13/13 MP: 3/3
   336 | D:1      | Reached XP level 2. HP: 15/18 MP: 2/5
   530 | D:1      | Reached XP level 3. HP: 23/23 MP: 6/6
  1039 | D:2      | Learned a level 3 spell: Spider Form
  1412 | D:2      | Reached XP level 4. HP: 9/28 MP: 8/8
  1619 | D:2      | Learned a level 4 spell: Ice Form
  1720 | D:2      | Reached skill level 3 in Spellcasting
  2475 | D:3      | Noticed Ijyb
  2478 | D:3      | Paralysed by Ijyb for 5 turns
  2488 | D:3      | Paralysed by Ijyb for 6 turns
  2491 | D:3      | Killed Ijyb
  2491 | D:3      | Reached XP level 5. HP: 23/33 MP: 5/10
  3030 | D:3      | Reached XP level 6. HP: 29/38 MP: 11/11
  3134 | D:3      | Reached skill level 4 in Spellcasting
  4553 | D:4      | Noticed Ordine's ghost (amateur OpTm)
  4562 | D:4      | Killed Ordine's ghost
  4562 | D:4      | Reached skill level 5 in Spellcasting
  4562 | D:4      | Reached XP level 7. HP: 34/43 MP: 12/14
  4672 | D:4      | Reached skill level 5 in Unarmed Combat
  5169 | D:5      | Entered Level 5 of the Dungeon
  5169 | D:5      | Found a bloodstained altar of Trog.
  5180 | D:5      | Found an iron altar of Okawaru.
  5531 | D:5      | Reached skill level 1 in Stealth
  5531 | D:5      | Reached XP level 8. HP: 40/48 MP: 13/16
  5756 | D:5      | Reached skill level 6 in Spellcasting
  6095 | D:5      | Found a staircase to the Ecumenical Temple.
  6101 | Temple   | Entered the Ecumenical Temple
  6536 | D:5      | Reached skill level 5 in Transmutations
  6948 | D:6      | Found a glowing drain.
  6975 | Sewer    | Entered a sewer
  9098 | D:7      | Reached skill level 7 in Spellcasting
  9098 | D:7      | Reached XP level 9. HP: 47/53 MP: 15/19
  9721 | D:7      | Reached skill level 5 in Stealth
 10188 | D:7      | Found a sacrificial altar of Ru.
 11280 | D:7      | Reached skill level 8 in Spellcasting
 11334 | D:8      | Found Hoafuere's Assorted Antiques.
 11641 | D:8      | Bought a scroll of enchant armour for 172 gold pieces
 11641 | D:8      | Bought a scroll of recharging for 218 gold pieces
 11641 | D:8      | Bought a scroll of identify for 46 gold pieces
 11740 | D:8      | Noticed rlgrobin's ghost (novice SpEE)
 11746 | D:8      | Killed from afar by rlgrobin's ghost

Vault maps used:
D:1:      dpeg_arrival_chambers_temple_mockup, nrook_mini_vaults, st_stairs_12
D:2:      serial_undead, serial_undead_e, serial_undead_a, serial_undead_d,
          serial_undead_b
D:3:      first_bread, minmay_misc_feat_rows, uniq_iyjb
D:5:      cheibrodos_barr_body, minmay_temple_entry_overgrown, basic_altar,
          serial_co_window_serial, co_window_paths_a, co_window_paths_a,
          co_window_paths_a, co_window_of_opportunity_a, co_window_corner_a,
          co_window_broadway_b, co_window_corner_b, co_window_corner_ca,
          co_window_corner_cb, glass_columns_b, glass_columns_c,
          glass_columns_a, glass_columns_a, okawaru_trees_2
D:6:      portal_sewer_entry_f, chequers_big_river
D:7:      kennysheep_mini, kennysheep_generic_room_8
D:8:      lair_entry_dummy, serial_shops, shop_coins, nicolae_underground_beach,
          uniq_grum
Temple:   kilobyte_greek_temple
Sewer:    sewer_co_scattered_pipes

Skill      XL: |  1  2  3  4  5  6  7  8  9 |
---------------+----------------------------+-----
Spellcasting   | 3 5 7 8 |  8.3
Unarmed Combat | 4 5 6 7 |  7.1
Transmutations | 3 4 5 6 |  6.6
Stealth        | 1 4 6 |  6.4
Fighting       | |  1.0
Dodging        | |  2.0

Action                   |  1- 3 |  4- 6 |  7- 9 || total
-------------------------+-------+-------+-------++-------
Melee: Unarmed           |    85 |   165 |   523 ||   773
       Constrict         |    22 |    29 |    56 ||   107
       Tentacles         |    13 |    21 |    73 ||   107
       Punch             |     3 |     2 |    17 ||    22
       Kick              |     8 |       |       ||     8
 Fire: Blowgun           |       |       |    14 ||    14
Throw: Stone             |     4 |     9 |    13 ||    26
 Cast: Beastly Appendage |     3 |       |       ||     3
       Spider Form       |       |     8 |    19 ||    27
       Ice Form          |       |       |     6 ||     6
 Abil: End Transformatio |       |       |     1 ||     1
Evoke: Wand              |       |       |     3 ||     3
  Use: Scroll            |     6 |     7 |    10 ||    23
       Potion            |       |     2 |       ||     2
 Stab: Sleeping          |     6 |     4 |    10 ||    20
       Distracted        |       |       |     4 ||     4
  Eat: Chunk             |     2 |    10 |    23 ||    35
       Fruit             |       |       |     2 ||     2
Armor: Skin              |    10 |    18 |    33 ||    61
Dodge: Dodged            |    44 |   109 |   213 ||   366
